 Dungeon Sprint DCSS version 0.23-a0-650-ga4d50d4d25 (webtiles) character file.

21 Adamkad1 the Caller (level 2, -1/22 HPs)
             Began as a Deep Dwarf Summoner on Jan 5, 2019.
             Slain by a human (6 damage)
             ... in the Dungeon (Sprint III: "The Ten Rune Challenge").
             The game lasted 00:00:24 (83 turns).

Adamkad1 the Caller (Deep Dwarf Summoner)             Turns: 83, Time: 00:00:24

Health: -1/22      AC:  2    Str: 11    XL:     2   Next: 62%
Magic:  1/4        EV: 13    Int: 15    God:
Gold:   0          SH:  0    Dex: 13    Spells: 5/6 levels left

rFire    . . .     SeeInvis .   (no weapon)
rCold    . . .     Gourm    .   (no shield)
rNeg     . . .     Faith    .   a - +0 robe
rPois    .         Spirit   .   (no helmet)
rElec    .         Reflect  .   (no cloak)
rCorr    .         Harm     .   (no gloves)
MR       .....     NoTele   +   (no boots)
Stlth    +++.......             (no amulet)
HPRegen  0.00/turn              (no ring)
MPRegen  0.09/turn              (no ring)

@: non-regenerating
A: damage resistance, heal wounds, sense surroundings 1, no regeneration
a: Heal Wounds


You were in the Dungeon.
You were not hungry.

You visited 1 branch

Inventory:

Armour
 a - a +0 robe (worn)
Scrolls
 b - a scroll of fog {unknown}
 i - a scroll of blinking
Potions
 d - a potion of curing
 e - a potion of heal wounds
 f - a potion of haste
 g - 2 potions of magic
 h - a potion of berserk rage
Comestibles
 c - a ration


   Skills:
 + Level 3.6 Dodging
 + Level 4.2 Stealth
 + Level 2.8 Spellcasting
 + Level 4.3 Summonings


You had 5 spell levels left.
You knew the following spells:

 Your Spells              Type           Power        Failure   Level  Hunger
a - Summon Small Mammal   Summ           ###.         3%          1    #......

Your spell library contained the following spells:

 Spells                   Type           Power        Failure   Level  Hunger
 Call Imp                 Summ           ###.....     5%          2    ##.....
 Call Canine Familiar     Summ           ###.....     11%         3    ###....
 Summon Guardian Golem    Hex/Summ       #.......     26%         3    ###....
 Summon Ice Beast         Ice/Summ       #.......     63%         4    #####..
 Summon Lightning Spire   Summ/Air       #.......     63%         4    #####..


Dungeon Overview and Level Annotations

Branches:
Dungeon (1/1)

Altars:


Innate Abilities, Weirdness & Mutations

You are resistant to damage.
You can heal yourself by infusing magical energy.
You passively map a small area around you.
You do not regenerate.


Message History

Your bat's corpse disappears in a puff of smoke!
Unknown command.
You closely miss the human.
Your quokka barely misses the phantom.
The human misses you.
The phantom blinks!
You hit the human but do no damage.
Your quokka bites the phantom.
The human closely misses you. The phantom hits your quokka.
You hit the human but do no damage.
Your quokka closely misses the phantom.
The human hits you. The phantom hits your quokka!
Your quokka dies!
Your quokka's corpse disappears in a puff of smoke!
You hit the human but do no damage. The human barely misses you.
You miss the human. The human hits you.
You hit the human.
The human is lightly wounded.
The human hits you. The phantom hits you!
* * * LOW HITPOINT WARNING * * *
You closely miss the human.
The human is lightly wounded.
The human hits you!
You die...

▓...#...)..##
▓..##.......# .# ,
_ ▓##.##.##...#, *
.# * ##.##.###..#
..# ▓#.####.##..#
*...+ ▓.###r.##..##
#...# , *
▓#....b##..#*#....#
###..##...##p....#
##..##....#@W....#
_
#..###..##.#.....#
#..# #..#####....#
▓▓▓▓ ▓▓▓▓ ▓▓▓▓▓* *
≈≈≈ , , , , ≈ * ≈ ,
, ≈ * * * ≈ ≈


You could see a phantom and a human.

Vanquished Creatures (collateral kills)
  Jessica (D)
  2 oozes (D)
3 creatures vanquished.

Vanquished Creatures (others)
  A yaktaur (D)
  2 plants (D)
3 creatures vanquished.

Grand Total: 6 creatures vanquished

Notes
Turn   | Place    | Note
-------+----------+-------------------------------------------
     0 | D        | Adamkad1 the Deep Dwarf Summoner began the quest for the
                  | Orb.
     0 | D        | Reached XP level 1. HP: 15/15 MP: 3/3
    14 | D        | Killed a yaktaur
    34 | D        | Noticed Jessica
    52 | D        | Killed Jessica
    52 | D        | Reached XP level 2. HP: 13/22 MP: 1/5
    83 | D        | Slain by a human

Vault maps used:
D:        dungeon_sprint_mu

Skill      XL: |  1 |
---------------+----+-----
Stealth        | 4 |  4.2
Spellcasting   | 2 |  2.8
Dodging        | 3 |  3.6
Summonings     | 4 |  4.3

Action                   || total
-------------------------++-------
Melee: Unarmed           ||    17
 Cast: Summon Small Mamm ||     8
 Abil: Heal Wounds       ||     1
 Stab: Distracted        ||     1
Armor: Robe              ||     1
Dodge: Dodged            ||    12

Table legend:
 A = Non-vault XP
 B = Vault XP
 C = Vault XP percentage of total XP
 D = Non-vault monster count
 E = Vault monster count
 F = Vault count percentage of total count
                 A         B        C        D         E       F
            +---------+---------+-------+---------+---------+-------
      Total |       0 |      30 | 100.0 |       0 |       3 | 100.0
            +---------+---------+-------+---------+---------+-------
          D |       0 |      30 | 100.0 |       0 |       3 | 100.0
            +---------+---------+-------+---------+---------+-------
